 Dungeon Crawl Stone Soup version 0.31.0-12-g77e489cdc1 (webtiles) character file.

Game seed: 15411622980907022085

33 Curundu the Trooper (level 3, -2/51 HPs)
             Began as a Minotaur Berserker on Feb 20, 2024.
             Was a Believer of Trog.
             Slain by Grinder (5 damage)
             ... while paralysed by Grinder
             ... on level 3 of the Dungeon.
             The game lasted 00:03:42 (1655 turns).

Curundu the Trooper (Minotaur Berserker)            Turns: 1655, Time: 00:03:43

Health: -2/51      AC:  3    Str: 23    XL:     3   Next: 12%
Magic:  2/2        EV:  2    Int:  4    God:    Trog [**....]
Gold:   135        SH:  0    Dex:  9    Spells: 2/2 levels left

rFire   . . .        a - +0 hand axe
rCold   . . .        (no shield)
rNeg    . . .        b - +0 animal skin
rPois   .            (helmet restricted)
rElec   .            (no cloak)
rCorr   .            f - +0 pair of gloves
SInv    .            (no boots)
Will    .....        (no amulet) Stlth
                     (no ring)
HPRegen 0.28/turn    (no ring)
MPRegen 0.08/turn

%: no passive effects
@: paralysed, berserking (expiring)
A: horns 2, retaliatory headbutt
a: Renounce Religion, Berserk, Trog's Hand


You were on level 3 of the Dungeon.
You worshipped Trog.
Trog was pleased with you.
You visited 1 branch of the dungeon, and saw 3 of its levels.

You collected 135 gold pieces.

Inventory:

Hand Weapons
 a - a +0 hand axe (weapon)
Armour
 b - a +0 animal skin (worn)
 f - a +0 pair of gloves (worn)
Scrolls
 c - a scroll of immolation {unknown}
 d - 3 scrolls of identify {unknown}
 e - a scroll of silence {unknown}
 g - 2 scrolls of noise {unknown}
 i - 2 scrolls of teleportation {unknown}
 j - a scroll of vulnerability {unknown}
Potions
 h - a potion of mutation {unknown}
 k - a potion of enlightenment {unknown}
 l - a potion of berserk rage {unknown}


   Skills:
 + Level 4.3 Fighting
 + Level 4.1 Axes
 + Level 2.6 Armour
 + Level 2.5 Dodging


You had 2 spell levels left.
You didn't know any spells.
Your spell library was empty.

Dungeon Overview and Level Annotations

Branches:
Dungeon (3/15)

Altars:

Annotations:
D:3 Grinder


Innate Abilities, Weirdness & Mutations

You have a pair of horns on your head.
You reflexively headbutt those who attack you in melee.


Message History

You hit the rat.
You kill the rat!
Trog accepts your kill. Grinder closely misses you.
You hit Grinder but do no damage. You headbutt Grinder.
Grinder is moderately wounded.
Grinder barely misses you.
You closely miss Grinder. You headbutt Grinder.
Grinder is heavily wounded.
Grinder gestures at you. You resist with significant effort.
Grinder gestures at you. Pain shoots through your body!
A red film seems to cover your vision as you go berserk!
You feel yourself moving faster!
You feel mighty! Grinder hits you.
You hit Grinder.
Grinder is heavily wounded.
You barely miss Grinder. Your headbutt misses Grinder.
Grinder is heavily wounded.
Grinder completely misses you.
You hit Grinder.
Grinder is heavily wounded.
Grinder gestures at you.
You suddenly lose the ability to move!
Grinder hits you!
* * * LOW HITPOINT WARNING * * *
You writhe in agony.
* * * LOW HITPOINT WARNING * * *
Grinder hits you.
* * * LOW HITPOINT WARNING * * *
You writhe in agony.
* * * LOW HITPOINT WARNING * * *
Grinder hits you.
* * * LOW HITPOINT WARNING * * *
You writhe in agony.
* * * LOW HITPOINT WARNING * * *
Grinder hits you but does no damage. Grinder hits you.
You die...
Grinder sighs, "Dead already?
I want a refund."

##.###.####......#
##.# #.#######'#.#
...# #.#....)..#.#
#### #.#.#######.#
# #<. #.# # ###
######.## #
#......[# #
#.##....# #.#@.#
#.#5....#
#.#...### # #.#.+
# #.### #.# #.#
#.#


You could see Grinder.

Vanquished Creatures
  An orc (D:3)
  4 ball pythons (D:2)
  An endoplasm (D:2)
  A giant cockroach (D:2)
  6 hobgoblins
  A quokka (D:2)
  5 bats
  2 frilled lizards
  3 goblins
  A kobold (D:2)
  5 rats
30 creatures vanquished.

Notes
Turn   | Place    | Note
-------+----------+-------------------------------------------
     0 | D:1      | Curundu the Minotaur Berserker began the quest for the Orb.
     0 | D:1      | Reached XP level 1. HP: 19/19 MP: 0/0
   606 | D:1      | Found a faded altar of an unknown god.
   789 | D:2      | Reached XP level 2. HP: 13/27 MP: 1/1
   908 | D:2      | HP: 1/27 [goblin/+2 dagger of distortion (3)]
  1217 | D:2      | Reached ** piety under Trog
  1523 | D:2      | Reached XP level 3. HP: 34/34 MP: 2/2
  1638 | D:3      | Noticed Grinder
  1650 | D:3      | Paralysed by Grinder for 5 turns
  1655 | D:3      | Slain by Grinder

Illustrated notes

Levels and vault maps discovered:
D:1:      spicycebolla_arrival_clurvy, layout_basic,
          shapermc_ecumenical_altar_petra
D:2:      layout_loops_ring, grunt_ministairs_8, minmay_hexomino_f4
D:3:      layout_basic, nicolae_vehumet_radiance,
          gammafunk_temple_overflow_arena, serial_shops,
          nicolae_shop_hallway_plus, hangedman_decor_push, uniq_grinder

Skill      XL: |  1  2 |
---------------+-------+-----
Fighting       | 4 |  4.3
Axes           | 4 |  4.1
Armour         | |  2.6
Dodging        | |  2.5

Action                     || total
---------------------------++-------
  Melee: Hand axe          ||    59
         Headbutt          ||     8
 Invoke: Berserk           ||     1
   Stab: Sleeping          ||     2
 Armour: Animal skin       ||    49
  Dodge: Dodged            ||    50
